 Dungeon Crawl Stone Soup version 0.25.1-2-g60ff931df9 (webtiles) character file.

Game seed: 14119746680227218861

7989 DildoBatman the Geomancer (level 11, -5/77 HPs)
             Began as a Formicid Wizard on Aug 11, 2020.
             Was a High Priest of Kikubaaqudgha.
             Slain by a wyvern (12 damage)
             ... on level 11 of the Dungeon.
             The game lasted 00:48:02 (13056 turns).

DildoBatman the Geomancer (Formicid Wizard)        Turns: 13056, Time: 00:48:03

Health: -5/77      AC:  7    Str: 12    XL:     11   Next: 47%
Magic:  5/16       EV: 14    Int: 21    God:    Kikubaaqudgha [*****.]
Gold:   936        SH:  5    Dex: 15    Spells: 2/17 levels left

rFire    + + .     SeeInvis +   a - +10 shortbow of the Beast {flame, *Corrode rElec rF++ Stlth+}
rCold    . . .     Gourm    .   n - +0 buckler
rNeg     . . .     Faith    .   H - +2 robe {MR+}
rPois    .         Spirit   .   (helmet unavailable)
rElec    +         Reflect  .   E - +0 cloak
rCorr    .         Harm     .   I - +2 pair of gloves
MR       ++...                  L - +2 pair of boots
Stlth    +++.......             (no amulet)
HPRegen  0.22/turn              p - ring of wizardry
MPRegen  0.15/turn              R - +6 ring of dexterity

@: corroded
A: permanent stasis, dig shafts and tunnels, four strong arms, antennae 3
a: Dig, Shaft Self, Receive Corpses, Torment, Renounce Religion


You were on level 11 of the Dungeon.
You worshipped Kikubaaqudgha.
Kikubaaqudgha was extremely pleased with you.
You were hungry.

You visited 2 branches of the dungeon, and saw 12 of its levels.
You also visited: Sewer, Ossuary and Bailey.

You collected 936 gold pieces.

Inventory:

Hand Weapons
 a - the +10 shortbow of the Beast (weapon) {flame, *Corrode rElec rF++ Stlth+}
   (You found it in a bailey)

   It causes projectiles fired from it to burn those they strike, causing extra
   injury to most foes and up to half again as much damage against particularly
   susceptible opponents.
   It greatly protects you from fire.
   It insulates you from electricity.
   It may corrode you when you take damage.
   It makes you more stealthy.
 d - a +2 hand axe of flaming
 e - a +5 vorpal shortbow
 P - a +0 dagger of venom
Missiles
 g - 15 sling bullets
 h - 139 arrows (quivered)
 A - 21 bolts
 V - a throwing net
Armour
 n - a +0 buckler (worn)
 E - a +0 cloak (worn)
 H - a +2 robe of magic resistance (worn)
 I - a +2 pair of gloves (worn)
 L - a +2 pair of boots (worn)
Jewellery
 p - a ring of wizardry (left hand)
 t - an uncursed ring of ice
 R - a +6 ring of dexterity (right hand)
Wands
 J - a wand of clouds (6)
Scrolls
 k - 2 scrolls of enchant weapon
 s - 4 scrolls of fear
 u - 4 scrolls of amnesia
 x - 10 scrolls of remove curse
 y - 2 scrolls of immolation
 G - a scroll of magic mapping {unknown}
 K - 3 scrolls of enchant armour
 N - a scroll of fog {unknown}
 S - a scroll of torment {unknown}
 T - 2 scrolls of identify
Potions
 b - 4 potions of curing
 f - 3 potions of degeneration
 j - a potion of haste {unknown}
 l - 7 potions of heal wounds
 o - 2 potions of ambrosia {unknown}
 q - 2 potions of lignification {unknown}
 r - 4 potions of flight
 w - a potion of might
 z - a potion of brilliance {unknown}
 B - 2 potions of stabbing {unknown}
 C - a potion of magic {unknown}
 D - a potion of cancellation {unknown}
 M - a potion of resistance {unknown}
 O - a potion of invisibility {unknown}
Comestibles
 c - 10 chunks of flesh
 v - 16 rations


   Skills:
 - Level 4.2 Fighting
 - Level 3.0 Bows
 - Level 4.2 Armour
 - Level 4.0 Dodging
 - Level 2.4 Stealth
 - Level 3.0 Shields
 * Level 3.5 Spellcasting
 - Level 6.0 Conjurations
   Level 1.0 Summonings
 * Level 7.3 Necromancy
   Level 0.8 Translocations
 - Level 5.0 Fire Magic
 - Level 5.0 Air Magic
 * Level 8.9 Earth Magic


You had 2 spell levels left.
You knew the following spells:

 Your Spells              Type           Power        Failure   Level  Hunger
a - Conjure Flame         Conj/Fire      ####....     1%          3    ###....
b - Borgnjor's Vile Clut  Necr/Erth      #####.....   4%          5    ######.
c - Magic Dart            Conj           ####         1%          1    None
d - Vampiric Draining     Necr           ####......   1%          3    ###....
e - Mephitic Cloud        Conj/Pois/Air  ###.....     3%          3    ###....

Your spell library contained the following spells:

 Spells                   Type           Power        Failure   Level  Hunger
 Foxfire                  Conj/Fire      ####         1%          1    None
 Pain                     Necr           ####         1%          1    None
 Corpse Rot               Necr/Air       N/A          1%          2    ##.....
 Sublimation of Blood     Necr           ####......   1%          2    ##.....
 Poisonous Vapours        Pois/Air       ##....       2%          2    ##.....
 Sting                    Tmut/Pois      #...         5%          1    None
 Call Imp                 Summ           #.......     5%          2    ##.....
 Slow                     Hex            #.......     8%          2    ##.....
 Animate Dead             Necr           N/A          2%          4    ####...
 Dispel Undead            Necr           ####....     2%          4    ####...
 Sticky Flame             Conj/Fire      ####....     5%          4    ####...
 Inner Flame              Hex/Fire       ##......     6%          3    ###....
 Agony                    Necr           ####....     7%          5    ######.
 Ignite Poison            Fire/Tmut/Pois ##......     8%          3    ###....
 Fireball                 Conj/Fire      ####......   16%         5    ######.
 Olgreb's Toxic Radiance  Pois           #.......     43%         4    ####...
 Simulacrum               Ice/Necr       ###.......   83%         6    #######
 Blink                    Tloc           Unusable     N/A         2    N/A

Dungeon Overview and Level Annotations

Branches:
Dungeon (11/15)            Temple (1/1) D:5           Sewer (visited)
Ossuary (visited)          Bailey (visited)
   Lair: D:8-11         Orc: D:9-12

Altars:
Ashenzari
Cheibriados
Dithmenos
Elyvilon
Fedhas
Gozag
Hepliaklqana
Kikubaaqudgha
Makhleb
Nemelex Xobeh
Okawaru
Qazlal
Ru
Sif Muna
Trog
Uskayaw
Vehumet
Wu Jian
Xom
Yredelemnul
Zin
The Shining One

Shops:
D:7 *

Annotations:
D:5 1 runed translucent door, Delamore's ghost, novice GrFi
D:7 3 runed translucent doors, Tali's ghost, novice DsBe


Innate Abilities, Weirdness & Mutations

You cannot be hasted, slowed, berserked, paralysed or teleported.
You can dig through walls and to a lower floor.
Your four strong arms can wield two-handed weapons with a shield.
You have a pair of large antennae on your head. (SInv)


Message History

Aiming: Mephitic Cloud (dangerous; 3% risk of failure)
Press: ? - help, Shift-Dir - straight line, f/p - wyvern
Aim: a wyvern (almost dead) That beam is likely to hit you.
Continue anyway?
The ball explodes into a vile cloud!
The stinking cloud engulfs the wyvern but does no damage.
The wyvern is almost dead.
The stinking cloud engulfs you but does no damage.
The komodo dragon hisses angrily.
The orc shouts!
The wyvern is engulfed in noxious fumes.
The wyvern bites you but does no damage.
The quokka completely misses you.
The wyvern is engulfed in noxious fumes.
The wyvern appears confused.
The wyvern is engulfed in noxious fumes.
The wyvern appears confused.
The wyvern bites you!
You die...
Kikubaaqudgha rasps: "You have failed me!
Welcome... death!"

..#.########### ......
#..............## ....).
###.....##.# #..##...##
#........#.####.......#.
#.................(.....
...#..##.......○#.###...
...#..)...#...○☼...####.
.....#....#...○.lr......
...###..).÷.....@..####.
...# #....).l.......#
...# #....#...........#
...# #............#.<.#
#### #....#.......#.o...
#....#...........#.
#....##.....#.# .#
#....###...##.. ..
####.# ####


You could see a komodo dragon, a wyvern (confused), an orc and a quokka.

Vanquished Creatures
  Sonja (D:10)
  A cyclops (D:11)
  A gargoyle (D:10)
  A naga mage (D:10)
  A troll (D:10)
  A hornet (D:10)
  A hippogriff (D:8)
  A wraith (Ossuary)
  A spriggan (D:7)
  A hungry ghost (D:10)
  Menkaure (D:7)
  2 sky beasts
  2 ice beasts
  8 orc warriors
  A necrophage (D:10)
  2 phantoms
  8 ogres
  4 centaurs
  A big kobold (D:10)
  Blork the orc (D:3)
  5 bullfrogs
  A wyvern zombie (D:10)
  4 killer bees (D:10)
  4 howler monkeys
  A bullfrog zombie (D:5)
  2 crimson imps (D:5)
  4 centaur zombies
  3 jellies
  Crazy Yiuf (D:4)
  A gnoll shaman (D:6)
  4 hounds
  7 orc priests
  3 bullfrog skeletons
  12 orc wizards
  Ijyb (D:4)
  2 iguanas
  Natasha (thrice) (D:2)
  7 worker ants
  2 hound skeletons
  A mummy (Ossuary)
  2 worker ant zombies
  12 gnolls
  13 adders
  3 river rats (Sewer)
  An ooze (D:2)
  An adder zombie (D:5)
  5 worms
  8 leopard geckos
  47 orcs
  9 bats
  9 giant cockroaches
  6 goblins
  9 hobgoblins
  3 jackals
  25 kobolds
  4 quokkas
  6 ball pythons
  8 frilled lizards
  6 gnoll skeletons (Ossuary)
  8 kobold skeletons (Ossuary)
  11 orc skeletons (Ossuary)
  A quokka zombie (D:6)
  16 rats
321 creatures vanquished.

Vanquished Creatures (collateral kills)
  A killer bee (D:10)
  An orc priest (D:4)
2 creatures vanquished.

Grand Total: 323 creatures vanquished

Notes
Turn   | Place    | Note
-------+----------+-------------------------------------------
     0 | D:1      | DildoBatman the Formicid Wizard began the quest for the
                  | Orb.
     0 | D:1      | Reached XP level 1. HP: 13/13 MP: 4/4
    21 | D:1      | Reached skill level 1 in Conjurations
   150 | D:1      | Reached XP level 2. HP: 19/19 MP: 0/6
   809 | D:2      | Reached XP level 3. HP: 14/24 MP: 0/7
   838 | D:2      | Learned a level 3 spell: Conjure Flame
   842 | D:2      | Learned a level 3 spell: Mephitic Cloud
  1131 | D:2      | Found a burning altar of Makhleb.
  1441 | D:2      | Found a hide-covered altar of Uskayaw.
  1511 | D:2      | Reached XP level 4. HP: 30/30 MP: 3/8
  2020 | D:3      | Reached XP level 5. HP: 29/35 MP: 0/9
  2505 | D:3      | Noticed Natasha
  3100 | D:4      | Reached skill level 5 in Conjurations
  3100 | D:4      | Reached XP level 6. HP: 31/41 MP: 0/10
  3179 | D:4      | Noticed a phantom
  3229 | D:4      | Noticed Blork the orc
  4124 | D:4      | Noticed an ogre
  4139 | D:4      | Killed an ogre
  4139 | D:4      | Reached XP level 7. HP: 46/46 MP: 4/11
  4322 | D:4      | Reached skill level 1 in Fire Magic
  4322 | D:4      | Reached skill level 1 in Air Magic
  4774 | D:4      | Found a runed translucent door.
  4775 | D:4      | Noticed Crazy Yiuf
  4875 | D:4      | Found an iron altar of Okawaru.
  4929 | D:4      | Noticed Ijyb
  4982 | D:4      | Found an ancient bone altar of Kikubaaqudgha.
  4990 | D:4      | Became a worshipper of Kikubaaqudgha
  5007 | D:4      | Killed Ijyb
  5083 | D:4      | Killed Crazy Yiuf
  5188 | D:3      | Killed Blork the orc
  5257 | D:2      | Reached XP level 8. HP: 42/52 MP: 0/12
  5340 | D:2      | Killed Natasha
  5405 | D:2      | Noticed Natasha
  5419 | D:2      | Killed Natasha
  5581 | D:2      | Noticed Natasha
  5592 | D:2      | Killed Natasha
  5651 | D:5      | Entered Level 5 of the Dungeon
  5712 | D:5      | Found a staircase to the Ecumenical Temple.
  5881 | Temple   | Entered the Ecumenical Temple
  6156 | D:5      | Reached skill level 5 in Fire Magic
  6452 | D:5      | Found a runed translucent door.
  6454 | D:5      | Noticed Delamore's ghost (novice GrFi)
  6578 | D:5      | Reached XP level 9. HP: 53/57 MP: 2/13
  6578 | D:5      | Reached skill level 5 in Air Magic
  6647 | D:5      | Reached * piety under Kikubaaqudgha
  6647 | D:5      | Identified Kikubaaqudgha's Collected Works on Evil
                  | (Kikubaaqudgha gifted it to you on level 5 of the Dungeon)
  6647 | D:5      | Received a gift from Kikubaaqudgha
  6647 | D:5      | Reached skill level 1 in Fighting
  6647 | D:5      | Reached skill level 1 in Armour
  6991 | D:6      | Found a glowing drain.
  6995 | Sewer    | Entered a sewer
  7436 | D:6      | Found a sand-covered staircase.
  7447 | Ossuary  | Entered an ossuary
  7527 | Ossuary  | Reached ** piety under Kikubaaqudgha
  8520 | D:6      | Reached *** piety under Kikubaaqudgha
  8520 | D:6      | Identified Kikubaaqudgha's Catalogue of Dark Secrets
                  | (Kikubaaqudgha gifted it to you on level 6 of the Dungeon)
  8520 | D:6      | Received a gift from Kikubaaqudgha
  8535 | D:6      | Learned a level 5 spell: Borgnjor's Vile Clutch
  8884 | D:6      | Reached skill level 1 in Earth Magic
  8890 | D:6      | Reached skill level 1 in Necromancy
  9294 | D:7      | Found a shadowy altar of Dithmenos.
  9383 | D:7      | Reached skill level 2 in Earth Magic
  9383 | D:7      | Reached XP level 10. HP: 72/72 MP: 4/14
  9499 | D:7      | Noticed Menkaure
  9506 | D:7      | Killed Menkaure
  9506 | D:7      | Reached skill level 3 in Earth Magic
  9654 | D:7      | Reached skill level 4 in Earth Magic
  9784 | D:7      | Found Nurphu's Elemental Accessories.
  9879 | D:7      | Found a runed translucent gate.
  9879 | D:7      | Found a runed translucent gate.
  9879 | D:7      | Found a runed translucent gate.
  9883 | D:7      | Noticed Tali's ghost (novice DsBe)
 10414 | D:8      | Reached skill level 5 in Earth Magic
 10865 | D:8      | Found a sacrificial altar of Ru.
 11147 | D:9      | You fall into a shaft and drop 1 floor!
 11147 | D:10     | Entered Level 10 of the Dungeon
 11272 | D:10     | Reached skill level 1 in Shields
 11272 | D:10     | Reached skill level 5 in Necromancy
 11272 | D:10     | Reached skill level 6 in Earth Magic
 11503 | D:10     | Found a flagged portal.
 11527 | D:10     | Learned a level 3 spell: Vampiric Draining
 11693 | Bailey   | Entered a bailey
 11804 | Bailey   | Reached **** piety under Kikubaaqudgha
 11825 | Bailey   | Reached skill level 7 in Earth Magic
 12086 | Bailey   | Got a slimy shortbow
 12126 | D:10     | Identified the +10 shortbow of the Beast {flame, *Corrode
                  | rElec rF++ Stlth+} (You found it in a bailey)
 12162 | D:10     | Reached XP level 11. HP: 77/77 MP: 9/15
 12246 | D:10     | Noticed Sonja
 12268 | D:10     | Killed Sonja
 12268 | D:10     | Reached skill level 1 in Bows
 12383 | D:10     | Reached skill level 8 in Earth Magic
 12701 | D:10     | Reached ***** piety under Kikubaaqudgha
 12931 | D:11     | Noticed a cyclops
 12937 | D:11     | Killed a cyclops
 13056 | D:11     | Slain by a wyvern

Illustrated notes

Levels and vault maps discovered:
D:1:      elethiomel_arrival_fortress_basement, layout_rooms,
          minmay_misc_feat_roman
D:2:      layout_basic, eat_drink_and_be_merry_uskayaw,
          overflow_temple_1_default
D:3:      layout_loops_ring, first_ration, uniq_natasha
D:4:      layout_rooms, lemuel_coloured_pillars_altar,
          kennysheep_okawaru_gauntlet, uniq_crazy_yiuf_cottage, uniq_ijyb,
          uniq_blork_the_orc
D:5:      minmay_opposing_rooms, layout_loops_ring, minmay_temple_entry_grid,
          ebering_ghost_inner_flame
D:6:      layout_layer_cave, gup_sewer_entry_bowl,
          lightli_ossuary_entry_decrepit_ruins
D:7:      layout_loops_corners, nicolae_overflow_hidden_temple,
          ebering_ghost_rock_garden, the_bakery, grunt_ministairs_10,
          nicolae_elemental_shop, uniq_menkaure
D:8:      layout_gridville, overflow_temple_1_default, minmay_misc_feat_room
D:9:      layout_basic, zombieorc1_lemuel, basic_altar, special_room
          [special_room_orc], ploomutoo_gammafunk_ghost_potion_laboratory
D:10:     lemuel_ice_spiral_2, layout_irregular_city, enter_bailey_6,
          minmay_librarian, uniq_sonja
D:11:     layout_rooms, erik_lair_orcish_takeover, gammafunk_ghost_spectres
Temple:   eino_temple_scatter_basement

Skill      XL: |  1  2  3  4  5  6  7  8  9 10 11 |
---------------+----------------------------------+-----
Conjurations   | 1 2 3 4 5 6 |  6.0
Fire Magic     | 3 5 |  5.0
Air Magic      | 2 4 5 |  5.0
Dodging        | 4 |  4.0
Fighting       | 4 |  4.2
Armour         | 4 |  4.2
Earth Magic    | 2 7 8 |  8.9
Necromancy     | 1 6 7 |  7.3
Shields        | 3 |  3.0
Bows           | 3 |  3.0
Stealth        | |  2.4
Spellcasting   | |  3.5
Summonings     | |  1.0
Translocations | |  0.8

Action                   |  1- 3 |  4- 6 |  7- 9 | 10-12 || total
-------------------------+-------+-------+-------+-------++-------
Melee: Club              |     3 |     3 |       |       ||     6
       Flail             |       |     6 |    17 |       ||    23
       Dagger            |       |       |   317 |    96 ||   413
       Halberd           |       |       |    84 |       ||    84
       Hand axe          |       |       |     1 |    15 ||    16
 Fire: Shortbow          |       |       |       |   203 ||   203
Throw: Boomerang         |       |       |     2 |       ||     2
       Stone             |       |       |     1 |       ||     1
 Cast: Magic Dart        |    68 |   144 |    85 |    55 ||   352
       Mephitic Cloud    |       |     3 |    50 |    27 ||    80
       Conjure Flame     |       |       |    31 |    28 ||    59
       Borgnjor's Vile C |       |       |       |     3 ||     3
 Abil: Dig               |       |     3 |    28 |     5 ||    36
  Use: Scroll            |       |       |     8 |     9 ||    17
       Potion            |       |       |       |     1 ||     1
 Stab: Confused          |       |       |    15 |     4 ||    19
  Eat: Chunk             |     2 |     7 |    22 |    12 ||    43
       Ration            |       |       |     1 |     2 ||     3
Armor: Robe              |     1 |     9 |    96 |    61 ||   167
Dodge: Dodged            |    13 |    15 |   212 |   122 ||   362
Block: Buckler           |       |       |       |    11 ||    11
